 Dungeon Crawl Stone Soup version bcrawl-1.17.3 (webtiles) character file.

Game seed: 11418640151042246072

67 Bnni the Poker (level 4, -1/37 HPs)
             Began as an Oni Sloth Apostle on Oct 25, 2019.
             Was a Follower of Cheibriados.
             Slain by a goblin
             ... wielding a +0 dagger
             ... led by Robin
              (2 damage)
             ... on level 2 of the Dungeon.
             The game lasted 00:03:16 (1664 turns).

Bnni the Poker (Oni Sloth Apostle)                  Turns: 1664, Time: 00:03:17

Health: -1/37      AC:  3    Str: 18    XL:     4   Next: 18%
Magic:  7/7        EV: 11    Int: 18    God:    Cheibriados [*.....]
Gold:   112        SH:  0    Dex: 13    Spells: 2/5 levels left

rFire    + . .     SeeInvis .   a - +0 spear
rCold    + . .     Gourm    .   (no shield)
rNeg     . . .     Faith    .   g - +0 leather armour (curse)
rPois    +         Spirit   .   (helmet restricted)
rElec    +         Reflect  .   (no cloak)
rCorr    +         Harm     .   (no gloves)
MR       .....                  (no boots)
Stlth    ++........             (no amulet)
HPRegen  0.12/turn              (no ring)
MPRegen  0.10/turn              (no ring)

@: resistant, very slightly contaminated, hasted, invisible, quick
A: oni magic, claws 1, fangs 1, horns 1
a: Bend Time, Renounce Religion


You were on level 2 of the Dungeon.
You worshipped Cheibriados.
Cheibriados was aware of your devotion.
You were not hungry.

You visited 1 branch of the dungeon, and saw 2 of its levels.

You collected 112 gold pieces.

Inventory:

Hand Weapons
 a - a +0 spear (weapon)
Armour
 c - a +0 shield
 g - a cursed +0 leather armour (worn)
 n - a +0 ring mail
Wands
 d - a wand of paralysis (10)
Scrolls
 b - a scroll of amnesia
 e - 2 scrolls of identify {unknown}
 h - 2 scrolls of blinking {unknown}
 j - a scroll of fog {unknown}
 l - a scroll of magic mapping {unknown}
Potions
 i - a potion of resistance
 m - a potion of curing {unknown}
 o - 2 potions of invisibility
Comestibles
 f - 5 rations {!d}
 p - 2 chunks of flesh


   Skills:
 + Level 2.9 Fighting
 * Level 3.7 Polearms
 - Level 2.6 Stealth
 - Level 1.7 Shields
 - Level 1.0 Spellcasting
 - Level 1.0 Evocations


You had 2 spell levels left.
You knew the following spells:

 Your Spells              Type           Power        Failure   Level  Hunger
a - Slow                  Hex            #.......     16%         1    ##.....
b - Sublimation of Blood  Necr           #.........   22%         2    ###....

Your spell library contained the following spells:

 Spells                   Type           Power        Failure   Level  Hunger
 Summon Small Mammal      Summ           #...         16%         1    ##.....


Dungeon Overview and Level Annotations

Branches:
Dungeon (2/12)

Altars:

Annotations:
D:2 Robin


Innate Abilities, Weirdness & Mutations

You learn spells by gaining experience, not through books or religion.
You only train spellcasting to practice magic.
You have sharp fingernails.
You have very sharp teeth.
You have a pair of small horns on your head.


Message History

It was a potion of resistance.
You feel protected. The hobgoblin barely misses you. The goblin misses you.
The goblin hits you with a +0 dagger.
* * * LOW HITPOINT WARNING * * *
A goblin comes into view. It is wielding a +0 club.
It was a potion of invisibility.
You fade into invisibility!
The hobgoblin closely misses you. The goblin closely misses you. x2
You are very lightly contaminated with residual magic.
You hit the goblin.
You kill the goblin!
Cheibriados appreciates the change of pace.
The hobgoblin hits you.
* * * LOW HITPOINT WARNING * * *
A goblin comes into view. It is wielding a -1 dagger.
It was a potion of haste.
You feel yourself speed up.
Cheibriados forgives your accidental hurry, just this once.
The hobgoblin barely misses you. The goblin hits you with a +0 dagger.
You die...

#.......#.....$.g.g...
#####...#.g.##########
#...#...# #...#..g#
#...#...# #...#.gg#
#.g.# #.gg# #gg@#
#####


You could see Robin, 2 hobgoblins and 6 goblins.

Vanquished Creatures
  3 worms (D:2)
  A dart slug (D:2)
  3 leopard geckos
  A ball python (D:2)
  5 giant cockroaches
  6 goblins
  8 hobgoblins
  3 jackals (D:1)
  7 kobolds
  2 quokkas
  3 bats
  A frilled lizard (D:1)
  3 rats (D:1)
46 creatures vanquished.

Notes
Turn   | Place    | Note
-------+----------+-------------------------------------------
     0 | D:1      | Bnni the Oni Sloth Apostle began the quest for the Orb.
     0 | D:1      | Reached XP level 1. HP: 17/17 MP: 4/4
   267 | D:1      | Reached XP level 2. HP: 22/24 MP: 5/5
   488 | D:1      | Reached skill level 3 in Polearms
   493 | D:1      | Reached XP level 3. HP: 22/30 MP: 6/6
   767 | D:1      | Reached * piety under Cheibriados
  1566 | D:2      | Reached XP level 4. HP: 37/37 MP: 7/7
  1586 | D:2      | Learned a level 2 spell: Sublimation of Blood
  1642 | D:2      | Noticed Robin
  1663 | D:2      | HP: 1/37 [hobgoblin[Robin] (5)]
  1664 | D:2      | Slain by a goblin

Skill      XL: |  1  2 |
---------------+-------+-----
Polearms       | 3 |  3.7
Fighting       | |  2.9
Stealth        | |  2.6
Shields        | |  1.7
Spellcasting   | |  1.0
Evocations     | |  1.0

Action                   |  1- 3 |  4- 6 || total
-------------------------+-------+-------++-------
Melee: Spear             |   125 |    23 ||   148
       Bite              |    14 |     3 ||    17
       Headbutt          |    13 |     3 ||    16
  Use: Potion            |       |     3 ||     3
       Scroll            |       |     1 ||     1
 Stab: Sleeping          |    13 |       ||    13
  Eat: Chunk             |     1 |       ||     1
Armor: Leather armour    |    15 |     9 ||    24
       Animal skin       |     1 |       ||     1
Dodge: Dodged            |    34 |    27 ||    61
Block: Shield            |    11 |       ||    11
